 Dungeon Crawl Stone Soup version 0.25.1-1-g288607f5aa (webtiles) character file.

Game seed: 2386746899079000450

126 EriolAelfwine the Skirmisher (level 5, 0/42 HPs)
             Began as a Formicid Abyssal Knight on July 23, 2020.
             Was a Believer of Lugonu.
             Slain by a gnoll
             ... wielding a +0 whip
              (7 damage)
             ... on level 1 of the Dungeon.
             The game lasted 00:05:08 (1975 turns).

EriolAelfwine the Skirmisher (FoAK)                 Turns: 1975, Time: 00:05:09

Health: 0/42       AC:  4    Str: 18    XL:     5   Next: 32%
Magic:  7/7        EV: 11    Int: 11    God:    Lugonu [**....]
Gold:   102        SH:  0    Dex: 10    Spells: 4/4 levels left

rFire    . . .     SeeInvis +   a - +1 hand axe
rCold    . . .     Gourm    .   (no shield)
rNeg     . . .     Faith    .   b - +0 leather armour
rPois    .         Spirit   .   (helmet unavailable)
rElec    .         Reflect  .   h - +0 cloak
rCorr    .         Harm     .   (no gloves)
MR       .....                  (no boots)
Stlth    +.........             (no amulet)
HPRegen  0.14/turn              (no ring)
MPRegen  0.10/turn              (no ring)

@: no status effects
A: permanent stasis, dig shafts and tunnels, four strong arms, antennae 3
a: Dig, Shaft Self, Depart the Abyss, Bend Space, Renounce Religion


You were on level 1 of the Dungeon.
You worshipped Lugonu.
Lugonu was pleased with you.
You were not hungry.

You visited 1 branch of the dungeon, and saw 2 of its levels.
You visited the Abyss 1 time.

You collected 102 gold pieces.

Inventory:

Hand Weapons
 a - a +1 hand axe (weapon)
Missiles
 k - 15 poisoned darts (quivered)
Armour
 b - a +0 leather armour (worn)
 h - a +0 cloak (worn)
Scrolls
 e - a scroll of immolation {unknown}
 f - a scroll of teleportation {unknown}
 g - a scroll of fear {unknown}
 i - a scroll of random uselessness {unknown}
 j - 2 scrolls of identify {unknown}
Potions
 l - 2 potions of flight {unknown}
 m - a potion of heal wounds {unknown}
Comestibles
 c - 4 rations


   Skills:
 + Level 4.1 Fighting
 + Level 3.0 Axes
 + Level 3.4 Armour
 - Level 0.8 Dodging
 + Level 3.5 Invocations


You had 4 spell levels left.
You didn't know any spells.
Your spell library was empty.

Dungeon Overview and Level Annotations

Branches:
Dungeon (2/15)

Altars:


Innate Abilities, Weirdness & Mutations

You cannot be hasted, slowed, berserked, paralysed or teleported.
You can dig through walls and to a lower floor.
Your four strong arms can wield two-handed weapons with a shield.
You have a pair of large antennae on your head. (SInv)


Message History

The gnoll is lightly wounded.
The gnoll hits you but does no damage. x2; The gnoll barely misses you.
The gnoll misses you. The gnoll misses you.
All of the chunks of flesh in your inventory have rotted away.
The gnoll hits you with a +0 whip!
A hobgoblin comes into view.
The hobgoblin throws a boomerang.
The boomerang misses you.
The weapon returns to the hobgoblin!
There is a stone staircase leading up here.
You climb upwards.
There is a stone staircase leading down here.
You hit the gnoll but do no damage.
The gnoll is lightly wounded.
The gnoll hits you with a +0 whip!
* * * LOW HITPOINT WARNING * * *
You closely miss the gnoll.
The gnoll is lightly wounded.
The gnoll hits you with a +0 whip!
You die...

####.#### ####...## #.##.#.#...
........# #...# ####..........
##.#..#.# #...# #..........##.
##....#.# #...# #.##..#.##.##.
......#.# #...# #..........##.
##.##.#.######...###.#...#.##.##.
.........................#.##.##.
.................................
.#####.#####.#.g@........#).#####
.#...#.#...#.#.....#.###.##.# #
##.###.###.###...#.#.....##.#####
..>#.....#>......#.########......
##.###.###.###...#.# #.#####
.#...#.#...#.#...#.# #.##...
.#####.#####.#.....# #.##.##
......>......#.....# ####.##.##
##.#######.###..##.# #.##......


You could see a gnoll.

Vanquished Creatures
  Jessica (D:1)
  6 adders
  A dart slug (D:2)
  A leopard gecko (D:1)
  2 bats
  4 giant cockroaches
  9 goblins
  2 hobgoblins
  3 jackals (D:2)
  A kobold (D:1)
  2 ball pythons (D:1)
  6 frilled lizards
  4 rats
42 creatures vanquished.

Notes
Turn   | Place    | Note
-------+----------+-------------------------------------------
     0 | Abyss:1  | EriolAelfwine the Formicid Abyssal Knight began the quest
                  | for the Orb.
     0 | Abyss:1  | Reached XP level 1. HP: 18/18 MP: 2/2
    16 | D:1      | Escaped the Abyss
   315 | D:1      | Reached XP level 2. HP: 24/24 MP: 3/3
   753 | D:2      | Noticed Jessica
   761 | D:1      | Killed Jessica
   761 | D:1      | Reached XP level 3. HP: 27/30 MP: 3/5
   785 | D:1      | Reached XP level 4. HP: 13/37 MP: 6/6
  1404 | D:2      | Reached ** piety under Lugonu
  1406 | D:2      | Reached skill level 4 in Fighting
  1500 | D:2      | Reached XP level 5. HP: 34/42 MP: 7/7
  1975 | D:1      | Slain by a gnoll

Illustrated notes

Levels and vault maps discovered:
D:1:      evilmike_arrival_hilbert_curve, layout_loops_cross
D:2:      layout_rooms, lemuel_doored_altar, minmay_misc_feat_plants,
          uniq_jessica

Skill      XL: |  1  2  3  4  5 |
---------------+----------------+-----
Invocations    | 3 |  3.5
Armour         | 3 |  3.4
Fighting       | 4 |  4.1
Axes           | 3 |  3.0
Dodging        | |  0.8

Action                   |  1- 3 |  4- 6 || total
-------------------------+-------+-------++-------
Melee: Hand axe          |    46 |   110 ||   156
Throw: Dart              |     1 |       ||     1
 Abil: Dig               |     1 |       ||     1
  Use: Potion            |       |     2 ||     2
  Eat: Chunk             |       |     4 ||     4
Armor: Leather armour    |    17 |    22 ||    39
Dodge: Dodged            |    39 |    91 ||   130
